 Dungeon Crawl Stone Soup version 0.25.1-2-g60ff931df9 (webtiles) character file.

Game seed: 9833339278330439644

236 gruber the Stinger (level 6, -2/36 HPs)
             Began as an Octopode Venom Mage on Sept 21, 2020.
             Slain by an ice beast (12 damage)
             ... on level 3 of the Dungeon.
             The game lasted 00:03:21 (3521 turns).

gruber the Stinger (Octopode Venom Mage)            Turns: 3521, Time: 00:03:21

Health: -2/36      AC:  1    Str:  8    XL:     6   Next: 6%
Magic:  9/9        EV: 13    Int: 19    God:
Gold:   219        SH:  0    Dex: 12    Spells: 2/9 levels left

rFire    . . .     SeeInvis .   (no weapon)
rCold    . . .     Gourm    .   (no shield)
rNeg     . . .     Faith    .   (helmet restricted)
rPois    +         Spirit   .   (no amulet)
rElec    .         Reflect  .   l - ring of resist corrosion
rCorr    +         Harm     .   n - ring of stealth
MR       .....                  p - ring of poison resistance
Stlth    ++++......             (no ring)
HPRegen  0.12/turn              (no ring)
MPRegen  0.11/turn              (no ring)
                                (no ring)
                                (no ring)

@: no status effects
A: almost no armour, stealthy swim, amphibious, 8 rings, constrict 8, camouflage
1, gelatinous body 1
a: no special abilities


You were on level 3 of the Dungeon.
You were not hungry.

You visited 1 branch of the dungeon, and saw 3 of its levels.

You collected 219 gold pieces.

Inventory:

Jewellery
 l - a ring of resist corrosion (left tentacle)
 n - a ring of stealth (right tentacle)
 p - a ring of poison resistance (on tentacle)
Wands
 o - a wand of flame (12)
Scrolls
 d - a scroll of immolation {unknown}
 e - 3 scrolls of teleportation {unknown}
 m - 2 scrolls of identify {unknown}
Potions
 a - 2 potions of heal wounds {unknown}
 c - 3 potions of curing {unknown}
 f - a potion of berserk rage {unknown}
 g - a potion of mutation {unknown}
 h - 2 potions of brilliance {unknown}
 i - a potion of resistance {unknown}
 k - a potion of stabbing {unknown}
Comestibles
 b - 5 rations
 j - a chunk of flesh


   Skills:
 - Level 2.0 Dodging
 - Level 2.6 Stealth
 - Level 2.0 Spellcasting
 - Level 1.0 Transmutations
 + Level 7.9 Poison Magic


You had 2 spell levels left.
You knew the following spells:

 Your Spells              Type           Power        Failure   Level  Hunger
a - Sting                 Tmut/Pois      ###.         2%          1    #......
b - Poisonous Vapours     Pois/Air       ###...       4%          2    ###....
c - Olgreb's Toxic Radia  Pois           ####....     6%          4    #####..

Your spell library contained the following spells:

 Spells                   Type           Power        Failure   Level  Hunger
 Ignite Poison            Fire/Tmut/Pois ##......     16%         3    ###....
 Mephitic Cloud           Conj/Pois/Air  ##......     17%         3    ###....


Dungeon Overview and Level Annotations

Branches:
Dungeon (3/15)

Altars:
Dithmenos
Xom


Innate Abilities, Weirdness & Mutations

You cannot wear most types of armour.
You are very stealthy in the water. (Stealth+)
You are amphibious.
You can wear up to eight rings at the same time.
You can use your tentacles to constrict eight enemies at once.
Your skin changes colour to match your surroundings (Stealth+).
Your rubbery body absorbs attacks. (AC +1, EV +1)


Message History

The ice beast is lightly wounded.
The ice beast barely misses you.
Unknown command.
Evoke which item? (* to show all) (? for menu, Esc to quit)
Aiming: Throw Flame
Press: ? - help, Shift-Dir - straight line, f/p - ice beast
Aim: an ice beast (lightly wounded)
The puff of flame hits the ice beast.
The ice beast melts!
The ice beast is moderately wounded.
The ice beast completely misses you.
Evoke which item? (* to show all) (? for menu, Esc to quit)
Aiming: Throw Flame
Press: ? - help, Shift-Dir - straight line, f/p - ice beast
Aim: an ice beast (moderately wounded)
The puff of flame hits the ice beast but does no damage.
The ice beast is moderately wounded.
The ice beast hits you.
* * * LOW HITPOINT WARNING * * *
The ice beast freezes you!
You die...

#..# #.# ##.# #..# #)#
#####.## #..# #.# #....##
#..# #.# #.###.## #..# #.#
#.# ##.# #..# #.#####># ##.
#..###(...##.#####.
###....#.............
#..<@Y.......†.......
#.####.###.#.<.###### #.#
#.# #.#..## #.# #.# #.#..#
##########.# #.. ..#..#
####...[......####..####..#
......####.............#..#
####...>...##.####..# #..#
#.#####..........# .###


You could see an ice beast.

Vanquished Creatures
  2 orc priests (D:2)
  2 orc wizards (D:2)
  Jessica (D:2)
  An adder (D:2)
  A shadow imp (D:2)
  2 oozes (D:2)
  4 worms
  3 dart slugs
  A leopard gecko (D:1)
  6 orcs (D:2)
  2 giant cockroaches
  4 goblins
  3 hobgoblins
  3 jackals (D:2)
  9 kobolds
  3 bats
  2 frilled lizards
  5 rats
54 creatures vanquished.

Notes
Turn   | Place    | Note
-------+----------+-------------------------------------------
     0 | D:1      | gruber the Octopode Venom Mage began the quest for the Orb.
     0 | D:1      | Reached XP level 1. HP: 11/11 MP: 3/3
    91 | D:1      | Reached skill level 4 in Poison Magic
   357 | D:1      | Reached XP level 2. HP: 17/17 MP: 3/5
  1540 | D:2      | Noticed Jessica
  1544 | D:2      | Killed Jessica
  1544 | D:2      | Reached skill level 5 in Poison Magic
  1544 | D:2      | Reached XP level 3. HP: 21/21 MP: 2/6
  1794 | D:2      | Reached XP level 4. HP: 27/27 MP: 3/7
  1798 | D:2      | Learned a level 2 spell: Poisonous Vapours
  1803 | D:2      | Learned a level 4 spell: Olgreb's Toxic Radiance
  1973 | D:2      | Reached skill level 6 in Poison Magic
  2308 | D:2      | Reached XP level 5. HP: 26/31 MP: 8/8
  2373 | D:2      | Found a shimmering altar of Xom.
  2450 | D:2      | Reached skill level 7 in Poison Magic
  2931 | D:2      | Reached XP level 6. HP: 26/36 MP: 0/9
  3013 | D:2      | Found a shadowy altar of Dithmenos.
  3466 | D:3      | Noticed an ice beast
  3469 | D:3      | Noticed Terence
  3521 | D:3      | Slain by an ice beast

Illustrated notes

Levels and vault maps discovered:
D:1:      evilmike_arrival_fibonacci_small, layout_loops_ring,
          minmay_heptomino_l4
D:2:      layout_rooms, lemuel_coloured_pillars_altar,
          nicolae_overflow_crystal_walls, uniq_jessica
D:3:      layout_loops_ring, nicolae_overflow_hidden_temple, uniq_terence

Skill      XL: |  1  2  3  4  5 |
---------------+----------------+-----
Poison Magic   | 4 5 6 7 |  7.9
Dodging        | |  2.0
Stealth        | |  2.6
Spellcasting   | |  2.0
Transmutations | |  1.0

Action                   |  1- 3 |  4- 6 || total
-------------------------+-------+-------++-------
Melee: Unarmed           |    45 |    67 ||   112
       Constrict         |    10 |    21 ||    31
       Tentacles         |     7 |    17 ||    24
 Cast: Sting             |    23 |     9 ||    32
       Olgreb's Toxic Ra |       |     6 ||     6
       Poisonous Vapours |       |     2 ||     2
Evoke: Wand              |       |     8 ||     8
 Stab: Sleeping          |     5 |     4 ||     9
       Distracted        |       |     1 ||     1
  Eat: Chunk             |     1 |     9 ||    10
Armor: Skin              |     2 |     1 ||     3
Dodge: Dodged            |    19 |    52 ||    71
